 Dungeon Crawl Stone Soup version 0.21-a0-509-gecc5317 (webtiles) character file.

338 Gwenloh the Firebug (level 6, -5/45 HPs)
             Began as a Draconian Fire Elementalist on Nov 30, 2017.
             Slain by an orc priest
             ... wielding a +0 mace
              (8 damage)
             ... on level 4 of the Dungeon.
             The game lasted 00:25:12 (5307 turns).

Gwenloh the Firebug (Draconian Fire Elementalist)   Turns: 5307, Time: 00:25:12

Health: -5/45      AC:  7    Str: 10    XL:     6   Next: 29%
Magic:  5/11       EV: 12    Int: 18    God:
Gold:   134        SH:  0    Dex: 11    Spells: 6/12 levels left

rFire    . . .     SeeInvis .   t - +0 dagger (venom)
rCold    . . .     Gourm    .   (no shield)
rNeg     . . .     Faith    .   (armour unavailable)
rPois    .         Spirit   .   (helmet restricted)
rElec    .         Reflect  .   u - +0 cloak
rCorr    .         Harm     .   (no gloves)
MR       .....                  (no boots)
Stlth    ++........             (no amulet)
HPRegen  0.15/turn              (no ring)
MPRegen  0.12/turn              (no ring)

@: no status effects
A: unfitting armour, cold-blooded, AC +6
a: no special abilities


You were on level 4 of the Dungeon.
You were hungry.

You visited 1 branch of the dungeon, and saw 4 of its levels.

You collected 134 gold pieces.

Inventory:

Hand Weapons
 d - a +0 club
 g - a +0 short sword
 h - a +0 whip
 o - a +0 hunting sling
 t - a +0 dagger of venom (weapon)
 x - a +0 blowgun
 y - a +0 spear
Missiles
 e - 8 javelins (quivered)
 s - 5 bolts
 w - 10 poisoned needles
Armour
 u - a +0 cloak (worn)
Scrolls
 k - a scroll of teleportation {unknown}
 m - 7 scrolls of identify
 n - a scroll of fear {unknown}
 z - a scroll of enchant armour {unknown}
 A - a scroll of fog {unknown}
Potions
 c - 2 potions of curing
 j - a potion of agility {unknown}
 l - 2 potions of degeneration {unknown}
 q - 2 potions of lignification {unknown}
 r - a potion of magic {unknown}
 v - a potion of heal wounds {unknown}
Books
 a - a book of Flames

   Spells                             Type                      Level
   a - Flame Tongue                   Conjuration/Fire             1
   b - Throw Flame                    Conjuration/Fire             2
   c - Conjure Flame                  Conjuration/Fire             3
   d - Inner Flame                    Hexes/Fire                   3
   e - Sticky Flame                   Conjuration/Fire             4
   f - Fireball                       Conjuration/Fire             5
Comestibles
 b - 3 bread rations
 f - a royal jelly
 i - 4 fruits
 p - 2 meat rations


   Skills:
 - Level 1.7 Dodging
 - Level 1.7 Stealth
 + Level 3.9 Spellcasting
 + Level 3.7 Conjurations
 + Level 4.7 Fire Magic


You had 6 spell levels left.
You knew the following spells:

 Your Spells              Type           Power        Failure   Level  Hunger
a - Flame Tongue          Conj/Fire      ###..        2%          1    None
b - Throw Flame           Conj/Fire      ###...       4%          2    ##.....
c - Conjure Flame         Conj/Fire      ###.....     8%          3    ###....


Dungeon Overview and Level Annotations

Branches:
Dungeon (4/15)
 Temple: D:4-7

Altars:
Gozag
Makhleb
Okawaru
Wu Jian

Annotations:
D:4 zkyp's ghost, amateur OgBe


Innate Abilities, Weirdness & Mutations

Your plain brown scales are hard. (AC +6)
You cannot fit into any form of body armour.
You are cold-blooded and may be slowed by cold attacks.


Message History

You feel a bit more experienced. The orc priest closely misses you.
The orc priest hits you but does no damage.
Things that are here:
a dagger of protection; a robe
Casting: Throw Flame
Confirm with . or Enter, or press ? or * to list all spells.
Aiming: Flame Tongue
Press: ? - help, Shift-Dir - straight line, f/p - orc priest
Aim: an orc priest, wielding a mace and wearing a leather armour (lightly wounded)
The flame tongue misses the orc priest.
The orc priest looks encouraged for a moment.
Casting: Flame Tongue
Confirm with . or Enter, or press ? or * to list all spells.
Aiming: Flame Tongue
Press: ? - help, Shift-Dir - straight line, f/p - orc priest
Aim: an orc priest, wielding a mace and wearing a leather armour (lightly wounded)
The flame tongue hits the orc priest.
The orc priest appears unharmed.
The orc priest is lightly wounded.
The orc priest hits you with a mace!
You die...

. #.....# ######### #.....#
##.>....###### #.....#
........#....# #.....#
))<..........##########.###### ##
)...........##.....####...#..##..
##.##..##...##..............>....
##.##..##..<##.o.................
.......#.......)@................
.......#.........................
#####.###...##...................
###'###...##...##..##..##..##.#
#....+....##...##..##..##..# #
#)...#.............#.......#
#...[#.............#.<..{o.#
###...###...####.###.###..##.#
.####'###...####.###.#######.####


You could see an orc priest.

Vanquished Creatures
  An ogre (D:3)
  A hound (D:2)
  An orc priest (D:4)
  An orc wizard (D:4)
  A hound skeleton (D:4)
  7 adders
  2 oozes (D:1)
  A dart slug (D:2)
  2 leopard geckos
  12 orcs
  A giant cockroach (D:1)
  10 goblins
  6 hobgoblins
  7 jackals
  9 kobolds
  2 quokkas (D:4)
  2 ball pythons (D:3)
  6 bats
  8 frilled lizards
  8 rats
88 creatures vanquished.

Notes
Turn   | Place    | Note
-------+----------+-------------------------------------------
     0 | D:1      | Gwenloh the Draconian Fire Elementalist began the quest for the Orb.
     0 | D:1      | Reached XP level 1. HP: 14/14 MP: 3/3
     2 | D:1      | Noticed a felid
     3 | D:1      | Noticed a dwarf
     5 | D:1      | Noticed a minotaur
     5 | D:1      | Noticed a vine stalker
     7 | D:1      | Noticed an octopode
     7 | D:1      | Noticed a vampire
     9 | D:1      | Noticed a centaur
     9 | D:1      | Noticed a demigod
    11 | D:1      | Noticed a formicid
    11 | D:1      | Noticed a spriggan
    13 | D:1      | Noticed a demonspawn
    15 | D:1      | Noticed a tengu
    17 | D:1      | Noticed a merfolk
    17 | D:1      | Noticed an ogre
    19 | D:1      | Noticed an elf
    21 | D:1      | Noticed a ghoul
    21 | D:1      | Noticed a naga
    23 | D:1      | Noticed a gargoyle
    25 | D:1      | Noticed a draconian
    25 | D:1      | Noticed a troll
    27 | D:1      | Noticed a human
    27 | D:1      | Noticed a halfling
   601 | D:1      | Reached XP level 2. HP: 20/20 MP: 0/5
   654 | D:1      | Learned a level 2 spell: Throw Flame
  1406 | D:2      | Reached XP level 3. HP: 26/26 MP: 2/6
  1600 | D:2      | Learned a level 3 spell: Conjure Flame
  1737 | D:2      | Found a burning altar of Makhleb.
  1745 | D:2      | Reached XP level 4. HP: 14/33 MP: 2/8
  2170 | D:2      | Found an opulent altar of Gozag.
  2393 | D:2      | Found an ornate altar of the Wu Jian Council.
  2900 | D:3      | Reached skill level 4 in Fire Magic
  3312 | D:3      | Found an iron altar of Okawaru.
  3491 | D:3      | Reached XP level 5. HP: 37/38 MP: 4/9
  4157 | D:4      | Noticed an ogre
  4178 | D:3      | Killed an ogre
  4351 | D:4      | Reached XP level 6. HP: 41/45 MP: 4/11
  4431 | D:4      | Noticed zkyp's ghost (amateur OgBe)
  5301 | D:4      | HP: 2/45 [something/puff of flame (8)]
  5307 | D:4      | Slain by an orc priest

Vault maps used:
D:1:      kb_arrival_jail, minmay_misc_feat_pillars
D:2:      lemuel_round_altar, makhleb_blood_cavern_becter,
          nicolae_overflow_hidden_temple, lemuel_round_altar
D:3:      first_bread, okawaru_ov_weapons_minmay
D:4:      guppyfry_shop_venom

Skill      XL: |  1  2  3  4  5 |
---------------+----------------+-----
Conjurations   | 2 3 |  3.7
Spellcasting   | 3 |  3.9
Fire Magic     | 4 |  4.7
Dodging        | |  1.7
Stealth        | |  1.7

Action                   |  1- 3 |  4- 6 || total
-------------------------+-------+-------++-------
Melee: Club              |     5 |       ||     5
       Unarmed           |     3 |       ||     3
       Tailslap          |     2 |     5 ||     7
       Whip              |    19 |    22 ||    41
       Dagger            |       |    38 ||    38
Throw: Javelin           |     8 |     7 ||    15
 Cast: Flame Tongue      |    26 |    74 ||   100
       Throw Flame       |    15 |    37 ||    52
       Conjure Flame     |       |     2 ||     2
  Use: Scroll            |       |     2 ||     2
 Stab: Sleeping          |     1 |       ||     1
  Eat: Chunk             |     3 |    13 ||    16
Armor: Skin              |     6 |    27 ||    33
Dodge: Dodged            |    21 |    54 ||    75

Table legend:
 A = Spawn XP
 B = Non-spawn XP
 C = Spawn XP percentage of total XP
 D = Spawn monster count
 E = Non-spawn monster count
 F = Spawn count percentage of total count
 G = Total turns spent on level
                    A         B        C        D         E        F      G
               +---------+---------+-------+---------+---------+-------+---------
         Total |       0 |     483 |   0.0 |       0 |      88 |   0.0 |  5307
               +---------+---------+-------+---------+---------+-------+---------
           D:1 |       0 |      34 |   0.0 |       0 |      15 |   0.0 |  1360
           D:2 |       0 |      90 |   0.0 |       0 |      22 |   0.0 |  1271
           D:3 |       0 |     218 |   0.0 |       0 |      32 |   0.0 |  2130
           D:4 |       0 |     141 |   0.0 |       0 |      19 |   0.0 |   546
               +---------+---------+-------+---------+---------+-------+---------
